 Dungeon Crawl Stone Soup version 0.31-a0-246-g8cbcc1cb85 (webtiles) character file.

Game seed: 8710367430937262503

22561 qw the Skirmisher (level 13, -6/84 HPs)
             Began as a Gargoyle Hexslinger on July 12, 2023.
             Was a High Priest of Okawaru.
             Mangled by a dire elephant (15 damage)
             ... on level 5 of the Lair of Beasts.
             The game lasted 00:04:56 (12242 turns).

qw the Skirmisher (Gargoyle Hexslinger)            Turns: 12242, Time: 00:04:57

Health: -6/84      AC: 28    Str: 18    XL:     13   Next: 1%
Magic:  19/20      EV: 19    Int: 15    God:    Okawaru [*****.]
Gold:   973        SH:  0    Dex: 22    Spells: 13/14 levels left

rFire   . . .        v - +2 shortbow (heavy)
rCold   . . .        (shield currently unavailable)
rNeg    + . .        a - +2 ring mail of the Beds {Drain Fly Str+6}
rPois   inf          b - +0 helmet
rElec   +            s - +0 cloak
rCorr   .            m - +1 Delatra's gloves {ID++}
SInv    .            g - +2 pair of boots
Will    .....        t - amulet of faith
Stlth   +++          l - +6 ring of dexterity
HPRegen 0.34/turn    h - +4 ring of slaying {mikee}
MPRegen 0.17/turn

%: faith
@: heroic, flying
A: sickness immunity, AC +9, negative energy resistance 1, electricity
resistance, torment resistance 1, petrification resistance
a: Renounce Religion, Heroism, Finesse, Duel


You were on level 5 of the Lair of Beasts.
You worshipped Okawaru.
Okawaru was extremely pleased with you.
You visited 2 branches of the dungeon, and saw 14 of its levels.
You also visited: Sewer.

You collected 1063 gold pieces.
You spent 90 gold pieces at shops.


Innate Abilities, Weirdness & Mutations

You are immune to sickness and miasma.
Your stone body is resilient. (AC +9)
You are immune to poison.
You resist negative energy. (rN+)
You are resistant to electric shocks. (rElec)
You are resistant to unholy torment.
You are immune to petrification.


   Skills:
 - Level 11.0(16.0) Fighting
 - Level 14.0(19.0) Ranged Weapons
 + Level 6.1(11.1) Armour
 - Level 6.3(11.3) Dodging
 - Level 1.0 Spellcasting
 - Level 2.6 Hexes
 - Level 10.0 Invocations


You had 13 spell levels left.
You knew the following spells:

 Your Spells              Type           Power      Damage    Failure   Level
a - Slow                  Hex            32%        N/A       13%         1

Your spell library contained the following spells:

 Spells                   Type           Power      Damage    Failure   Level
 Inner Flame              Hex/Fire       4%         N/A       54%         3
 Portal Projectile        Hex/Tloc       8%         N/A       54%         3
 Cause Fear               Hex            4%         N/A       77%         4

Inventory:

Hand Weapons
 v - a +2 heavy shortbow (weapon)
Armour
 a - the +2 ring mail of the Beds (worn) {Drain Fly Str+6}
   (You found it on level 4 of the Lair of Beasts)

   Str:       It affects your strength (+6).
   Fly:       It grants you flight.
   Drain:     It drains your maximum health when unequipped.
 b - a +0 helmet (worn)
 g - a +2 pair of boots (worn)
 m - the +1 Delatra's gloves (worn) {ID++}
   (You found it on level 3 of the Dungeon)

   ID++:      It heals its wearer when they drink unknown potions, and restores
   their MP when they read unknown scrolls.
 n - a +0 troll leather armour
 s - a +0 cloak (worn)
Jewellery
 h - a +4 ring of slaying (right hand) {mikee}
 j - an amulet of the acrobat
 l - a +6 ring of dexterity (left hand)
 t - an amulet of faith (around neck)
Scrolls
 c - 4 scrolls of identify
Potions
 d - 3 potions of curing
 e - 2 potions of might
 i - 4 potions of magic
 k - 2 potions of haste
 o - 4 potions of enlightenment

Dungeon Overview and Level Annotations

Branches:
Dungeon (9/15)             Temple (0/1) D:4            Lair (5/5) D:9
  Swamp (0/4) Lair:2        Snake (0/4) Lair:3        Sewer (visited)
  Slime: Lair:4-5       Orc: D:9-12

Altars:
Kikubaaqudgha
Makhleb
Nemelex Xobeh
Okawaru
Qazlal
Ru
Sif Muna
Trog
Uskayaw
Vehumet
Zin
The Shining One

Shops:
D:7 (   D:8 [

Annotations:
Lair:3 1 runed translucent door


Message History

You shoot an arrow. The cane toad gives a loud, deep croak!
The arrow hits the dire elephant!
The dire elephant is lightly wounded.
You hear a roar!
You shoot an arrow. The arrow hits the dire elephant!!
The dire elephant is moderately wounded.
You shoot an arrow.
The arrow hits the dire elephant but does no damage.
The dire elephant is moderately wounded.
An eight-headed hydra comes into view.
You shoot an arrow. The eight-headed hydra roars!
The arrow hits the dire elephant but does no damage.
The dire elephant is moderately wounded.
The dire elephant tramples you!!
You hold your ground!
The dire elephant barely misses you.
You shoot an arrow. The arrow hits the dire elephant!!!
The dire elephant is severely wounded.
The dire elephant tramples you!
You hold your ground!
The dire elephant trunk-slaps you but does no damage.
The dire elephant tramples you!
You hold your ground!
The dire elephant trunk-slaps you but does no damage.
You shoot an arrow. The arrow hits the dire elephant!!
The dire elephant is almost dead.
The dire elephant tramples you!
You hold your ground!
The dire elephant trunk-slaps you but does no damage.
You shoot an arrow. The arrow hits the dire elephant.
The dire elephant is almost dead.
The dire elephant misses you.
The dire elephant completely misses you.
You shoot an arrow. The arrow hits the dire elephant.
The dire elephant is almost dead.
The dire elephant tramples you!
You hold your ground!
The dire elephant misses you.
You shoot an arrow.
The arrow hits the dire elephant but does no damage.
The dire elephant is almost dead.
The dire elephant tramples you!
You die...

.........777
...........7
7..
...........7
..7
..........7
..7
..........7
..7
.........77
7..7
..........7
7F.7
).........7


777YD7 #..P#.%P..77777.@7 ######......7%.777 #.....7.777 #.#...777 ###7777 You
could see a dire elephant, an eight-headed hydra and a cane toad.

Vanquished Creatures
  A hydra (Lair:3)
  Erolcha (D:9)
  A two-headed ogre (D:9)
  3 skysharks
  Pikel (D:6)
  Joseph (D:7)
  A torpor snail (Lair:3)
  4 black mambas
  8 cane toads
  Maggie (D:7)
  5 rime drakes
  2 komodo dragons
  2 burning bushes (Lair:2)
  2 trolls (D:9)
  A hornet (D:7)
  A tyrant leech (Lair:2)
  A polar bear (Lair:4)
  15 yaks
  6 wyverns
  A basilisk (Lair:3)
  2 steam dragons
  2 swamp worms (Lair:2)
  26 water moccasins
  Duvessa (D:7)
  2 orc warriors (D:9)
  2 ice beasts
  A black bear (Lair:2)
  12 wolves
  2 centaurs
  2 lemures (D:6)
  A phantom (D:6)
  3 kobold brigands
  A gnoll sergeant (D:9)
  10 bullfrogs
  4 scorpions
  6 wights
  Dowan (D:7)
  2 howler monkeys
  2 electric eels (D:9)
  8 orc priests
  A jelly (D:8)
  10 hounds
  An iguana (D:5)
  A sleepcap (D:3)
  Terence (D:2)
  8 orc wizards
  2 hell rats (Lair:3)
  15 gnolls
  7 adders
  12 river rats
  A white imp (D:6)
  3 worms
  3 dart slugs
  36 orcs
  3 bats
  7 endoplasms
  3 giant cockroaches
  9 hobgoblins
  8 jackals
  3 quokkas
  8 ball pythons
  3 frilled lizards
  9 goblins
  21 kobolds
  11 rats
334 creatures vanquished.

Vanquished Creatures (others)
  An orc wizard (D:9)
1 creature vanquished.

Grand Total: 335 creatures vanquished

Notes
Turn   | Place    | Note
-------+----------+-------------------------------------------
     0 | D:1      | qw the Gargoyle Hexslinger began the quest for the Orb.
     0 | D:1      | Reached XP level 1. HP: 12/12 MP: 2/2
     0 | D:1      | 0 ||| qw: Version: 0.3-a-52-g30416fa
     0 | D:1      | 0 ||| qw: Game counter: 6460
     0 | D:1      | 0 ||| qw: Melee chars always use a shield: true
     0 | D:1      | 0 ||| qw: God list: Okawaru
     0 | D:1      | 0 ||| qw: Allow faded altars: false
     0 | D:1      | 0 ||| qw: Do Orc after clearing Dungeon:15 true
     0 | D:1      | 0 ||| qw: Do second Lair branch before Depths: true
     0 | D:1      | 0 ||| qw: Lair rune preference: random
     0 | D:1      | 0 ||| qw: Goals: Normal
     0 | D:1      | 0 ||| PLANNING D:1-11
    27 | D:1      | Reached XP level 2. HP: 16/16 MP: 3/3
   104 | D:1      | Reached skill level 3 in Ranged Weapons
   195 | D:1      | Found a faded altar of an unknown god.
   327 | D:1      | Reached XP level 3. HP: 21/21 MP: 4/4
   491 | D:1      | 491 ||| UPGRADING to +2 pair of boots.
   496 | D:1      | 496 ||| READING 3 scrolls labelled VELICYWKUI.
   497 | D:1      | 497 ||| READING scroll labelled PIUKEL TAONOOPN.
   598 | D:1      | 598 ||| READING scroll labelled WYSHYS UQEJY.
   599 | D:1      | 599 ||| READING scroll labelled AGHARU FAOMA.
   600 | D:1      | 600 ||| DROPPING scroll of poison.
   628 | D:2      | Found a burning altar of Makhleb.
   631 | D:2      | 631 ||| STAIRDANCE
   763 | D:2      | Noticed Terence
   767 | D:2      | Killed Terence
   768 | D:2      | Reached skill level 4 in Ranged Weapons
   768 | D:2      | Reached XP level 4. HP: 15/26 MP: 5/5
  1598 | D:2      | 1598 ||| UPGRADING to +0 helmet.
  1603 | D:2      | 1603 ||| READING scroll labelled VIUGOPR XIKKAWK.
  1643 | D:3      | 1643 ||| STAIRDANCE
  1661 | D:3      | 1661 ||| STAIRDANCE
  1666 | D:2      | Reached XP level 5. HP: 28/30 MP: 6/6
  1688 | D:3      | Reached skill level 5 in Ranged Weapons
  1752 | D:3      | Found a sacrificial altar of Ru.
  1839 | D:3      | Found a faded altar of an unknown god.
  1843 | D:3      | Found a glowing golden altar of the Shining One.
  1868 | D:3      | Found the +1 Delatra's gloves {ID++}
  1949 | D:3      | Found an iron altar of Okawaru.
  1950 | D:3      | 1950 ||| PLANNING OKAWARU WORSHIP
  1950 | D:3      | 1950 ||| UPGRADING to +1 Delatra's gloves {ID++}.
  1955 | D:3      | 1955 ||| UPGRADING to amulet of the acrobat.
  1960 | D:3      | 1960 ||| UPGRADING to +6 ring of dexterity.
  1961 | D:3      | 1961 ||| READING scroll labelled POTWAB OGGE.
  1969 | D:3      | Became a worshipper of Warmaster Okawaru
  1970 | D:3      | 1970 ||| PLANNING D:1-11
  2318 | D:4      | 2318 ||| UPGRADING to +0 ring mail.
  2328 | D:4      | 2328 ||| DROPPING +0 robe.
  2329 | D:4      | 2329 ||| READING scroll labelled NIS QIRPHIGH.
  2333 | D:4      | 2333 ||| READING scroll labelled NULOERGHOKA.
  2343 | D:4      | 2343 ||| STAIRDANCE
  2376 | D:4      | Found a staircase to the Ecumenical Temple.
  2518 | D:4      | Reached skill level 1 in Armour
  2789 | D:4      | 2789 ||| READING scroll labelled ISHYIS EH JITT.
  2811 | D:4      | 2811 ||| READING scroll labelled YCOWIE FAPH.
  2849 | D:5      | Entered Level 5 of the Dungeon
  2850 | D:5      | 2850 ||| PLANNING SEWER
  2896 | D:5      | Noticed an ice beast
  2901 | D:5      | Killed an ice beast
  2902 | D:5      | Reached XP level 6. HP: 38/38 MP: 7/7
  2967 | D:5      | Found Zin's Purification Station.
  2967 | D:5      | Found a glowing silver altar of Zin.
  2976 | D:5      | 2976 ||| BUYING potion of curing (90 gold).
  2976 | D:5      | Bought a potion of curing for 90 gold pieces
  3023 | D:5      | Reached * piety under Okawaru
  3031 | D:5      | Reached skill level 1 in Invocations
  3031 | D:5      | Reached XP level 7. HP: 43/43 MP: 8/8
  3050 | D:5      | Reached skill level 6 in Ranged Weapons
  3069 | D:5      | 3069 ||| INVOKING Heroism.
  3078 | D:5      | 3078 ||| INVOKING Heroism.
  3302 | D:5      | Found a glowing drain.
  3303 | D:5      | 3303 ||| READING scroll labelled KAIGYCREKK.
  3304 | D:5      | 3304 ||| DRINKING 2 glowing puce potions.
  3319 | Sewer    | Entered a sewer
  3326 | Sewer    | Reached skill level 3 in Invocations
  3355 | Sewer    | 3355 ||| Stepping ~*~*~tactically~*~*~ (water).
  3372 | Sewer    | 3372 ||| Stepping ~*~*~tactically~*~*~ (water).
  3397 | Sewer    | 3397 ||| Stepping ~*~*~tactically~*~*~ (water).
  3424 | Sewer    | Found a white marble altar of Elyvilon.
  3469 | D:5      | 3469 ||| PLANNING D:1-11
  3614 | D:5      | Found a shimmering blue altar of Sif Muna.
  3747 | D:5      | Found an ancient bone altar of Kikubaaqudgha.
  3758 | D:5      | Found a radiant altar of Vehumet.
  3760 | D:5      | Reached XP level 8. HP: 48/48 MP: 9/11
  4010 | D:5      | 4010 ||| UPGRADING to +0 cloak.
  4015 | D:5      | 4015 ||| UPGRADING to amulet of faith.
  4112 | D:6      | 4112 ||| INVOKING Heroism.
  4114 | D:6      | Reached skill level 7 in Ranged Weapons
  4228 | D:6      | Noticed Pikel
  4228 | D:6      | 4228 ||| INVOKING Heroism.
  4247 | D:6      | 4247 ||| INVOKING Heroism.
  4248 | D:6      | Killed Pikel
  4495 | D:6      | 4495 ||| Stepping ~*~*~tactically~*~*~ (outnumbered).
  4498 | D:6      | 4498 ||| INVOKING Heroism.
  4504 | D:6      | HP: 12/48 [something (1)]
  4505 | D:6      | 4505 ||| READING scroll of teleportation.
  4506 | D:6      | 4506 ||| DRINKING potion of heal wounds.
  4643 | D:6      | 4643 ||| INVOKING Heroism.
  4657 | D:6      | 4657 ||| INVOKING Heroism.
  4807 | D:6      | Reached skill level 8 in Ranged Weapons
  4807 | D:6      | Reached XP level 9. HP: 48/52 MP: 12/12
  5029 | D:6      | 5029 ||| UPGRADING to ring of positive energy.
  5030 | D:6      | 5030 ||| READING 2 scrolls of identify.
  5030 | D:6      | 5030 ||| IDENTIFYING fizzy ruby potion
  5031 | D:6      | 5031 ||| DROPPING potion of lignification.
  5111 | D:7      | Noticed Duvessa
  5112 | D:7      | 5112 ||| INVOKING Heroism.
  5120 | D:7      | Killed Duvessa
  5174 | D:7      | Noticed a hornet
  5175 | D:7      | 5175 ||| SWAPPING to +0 shortbow.
  5183 | D:7      | 5183 ||| INVOKING Heroism.
  5196 | D:7      | HP: 13/54 [hornet (2)]
  5198 | D:7      | Killed a hornet
  5199 | D:7      | Reached skill level 3 in Armour
  5337 | D:7      | 5337 ||| DROPPING +1 heavy sling.
  5338 | D:7      | 5338 ||| READING 2 scrolls of brand weapon.
  5338 | D:7      | 5338 ||| BRANDING +0 shortbow.
  5339 | D:7      | 5339 ||| READING scroll of brand weapon.
  5339 | D:7      | 5339 ||| BRANDING +0 shortbow of freezing.
  5424 | D:7      | Found a flagged portal.
  5526 | D:7      | Found a bloodstained altar of Trog.
  5698 | D:7      | Noticed Joseph
  5711 | D:7      | Killed Joseph
  5711 | D:7      | Reached ** piety under Okawaru
  5712 | D:7      | Reached skill level 9 in Ranged Weapons
  5764 | D:7      | Noticed Dowan
  5765 | D:7      | 5765 ||| INVOKING Heroism.
  5768 | D:7      | Noticed Maggie
  5772 | D:7      | Killed Dowan
  5780 | D:7      | Killed Maggie
  5781 | D:7      | Reached skill level 6 in Fighting
  6030 | D:7      | Found Quxeudax's Weapon Shoppe.
  6036 | D:7      | 6036 ||| SHOPLISTING +8 sling "Eleczasa" {drain, rF+++
                  | rCorr Str-5 SInv Stlth+} (1302 gold, have 389).
  6063 | D:7      | 6063 ||| UPGRADING to +0 steam dragon scales.
  6073 | D:7      | 6073 ||| DROPPING +0 ring mail.
  6074 | D:7      | 6074 ||| UPGRADING to +4 ring of slaying {mikee}.
  6076 | D:7      | 6076 ||| DROPPING ring of positive energy.
  6077 | D:7      | 6077 ||| DRINKING 3 gluggy blue potions.
  6078 | D:7      | 6078 ||| READING 2 scrolls of identify.
  6078 | D:7      | 6078 ||| IDENTIFYING viscous green potion
  6079 | D:7      | 6079 ||| DROPPING potion of degeneration.
  6080 | D:7      | 6080 ||| DROPPING potion of attraction.
  6095 | D:8      | Found Omafusch's Armour Boutique.
  6104 | D:8      | Reached *** piety under Okawaru
  6115 | D:8      | 6115 ||| SHOPLISTING +1 swamp dragon scales (741 gold, have
                  | 404).
  6115 | D:8      | 6115 ||| SHOPLISTING +2 troll leather armour of the Planets
                  | {Regen+ Stlth+} (452 gold, have 404).
  6122 | D:8      | 6122 ||| Stepping ~*~*~tactically~*~*~ (outnumbered).
  6128 | D:8      | 6128 ||| INVOKING Heroism.
  6240 | D:8      | 6240 ||| Stepping ~*~*~tactically~*~*~ (outnumbered).
  6242 | D:8      | 6242 ||| Stepping ~*~*~tactically~*~*~ (outnumbered).
  6243 | D:8      | 6243 ||| INVOKING Heroism.
  6248 | D:8      | Reached skill level 10 in Ranged Weapons
  6248 | D:8      | Reached XP level 10. HP: 61/61 MP: 10/13
  6492 | D:8      | 6492 ||| Stepping ~*~*~tactically~*~*~ (outnumbered).
  6501 | D:8      | 6501 ||| INVOKING Heroism.
  6624 | D:8      | Found a sparkling altar of Nemelex Xobeh.
  6632 | D:8      | 6632 ||| INVOKING Heroism.
  6874 | D:8      | 6874 ||| DRINKING 2 smoky coppery potions.
  6875 | D:8      | 6875 ||| READING 2 scrolls of identify.
  6875 | D:8      | 6875 ||| IDENTIFYING murky golden potion
  6876 | D:8      | 6876 ||| DROPPING potion of berserk rage.
  6884 | D:9      | 6884 ||| INVOKING Heroism.
  6888 | D:9      | 6888 ||| Stepping ~*~*~tactically~*~*~ (outnumbered).
  7016 | D:9      | Noticed a two-headed ogre
  7017 | D:9      | 7017 ||| INVOKING Heroism.
  7021 | D:9      | Killed a two-headed ogre
  7022 | D:9      | Reached skill level 11 in Ranged Weapons
  7044 | D:9      | 7044 ||| INVOKING Heroism.
  7059 | D:9      | 7059 ||| DRINKING 4 potions of curing.
  7059 | D:9      | 7059 ||| (to cure confusion)
  7062 | D:9      | 7062 ||| INVOKING Heroism.
  7076 | D:9      | 7076 ||| INVOKING Heroism.
  7091 | D:9      | 7091 ||| Stepping ~*~*~tactically~*~*~ (outnumbered).
  7098 | D:9      | 7098 ||| FLEEEEING.
  7099 | D:9      | 7099 ||| FLEEEEING.
  7100 | D:9      | 7100 ||| FLEEEEING.
  7101 | D:9      | 7101 ||| FLEEEEING.
  7191 | D:9      | Found a hide-covered altar of Uskayaw.
  7218 | D:9      | Reached **** piety under Okawaru
  7259 | D:9      | 7259 ||| INVOKING Heroism.
  7283 | D:9      | Found a staircase to the Lair.
  7472 | D:9      | 7472 ||| INVOKING Heroism.
  7539 | D:9      | Found a stormy altar of Qazlal.
  7571 | D:9      | Reached skill level 12 in Ranged Weapons
  7615 | D:9      | 7615 ||| READING scroll of enchant weapon.
  7615 | D:9      | 7615 ||| ENCHANTING +0 heavy shortbow.
  7688 | D:9      | Noticed Erolcha
  7689 | D:9      | 7689 ||| INVOKING Heroism.
  7692 | D:9      | Killed Erolcha
  7692 | D:9      | Reached ***** piety under Okawaru
  7693 | D:9      | Reached skill level 6 in Invocations
  7693 | D:9      | Reached XP level 11. HP: 68/68 MP: 12/15
  7844 | D:9      | 7844 ||| PLANNING LAIR
  7844 | D:9      | 7844 ||| UPGRADING to +0 troll leather armour.
  7854 | D:9      | 7854 ||| DROPPING +0 steam dragon scales.
  7888 | Lair:1   | Entered Level 1 of the Lair of Beasts
  7938 | Lair:1   | 7938 ||| READING scroll of enchant weapon.
  7938 | Lair:1   | 7938 ||| ENCHANTING +1 heavy shortbow.
  8065 | Lair:1   | 8065 ||| INVOKING Heroism.
  8070 | Lair:1   | 8070 ||| Stepping ~*~*~tactically~*~*~ (cloud).
  8799 | Lair:2   | 8799 ||| STAIRDANCE
  8808 | Lair:2   | 8808 ||| STAIRDANCE
  8840 | Lair:2   | Received a gift from Okawaru
  9062 | Lair:2   | 9062 ||| INVOKING Heroism.
  9094 | Lair:2   | Reached skill level 13 in Ranged Weapons
  9135 | Lair:2   | 9135 ||| INVOKING Heroism.
  9181 | Lair:2   | 9181 ||| INVOKING Heroism.
  9214 | Lair:2   | 9214 ||| INVOKING Heroism.
  9508 | Lair:2   | Reached skill level 9 in Invocations
  9622 | Lair:2   | 9622 ||| INVOKING Heroism.
  9626 | Lair:2   | Reached skill level 9 in Fighting
  9655 | Lair:2   | Found a staircase to the Swamp.
 10058 | Lair:2   | 10058 ||| READING 2 scrolls of identify.
 10058 | Lair:2   | 10058 ||| IDENTIFYING puce potion
 10059 | Lair:2   | 10059 ||| DROPPING potion of brilliance.
 10076 | Lair:3   | 10076 ||| STAIRDANCE
 10094 | Lair:3   | Reached XP level 12. HP: 76/76 MP: 19/19
 10133 | Lair:3   | 10133 ||| INVOKING Heroism.
 10136 | Lair:3   | Received a gift from Okawaru
 10141 | Lair:3   | Noticed a skyshark
 10144 | Lair:3   | 10144 ||| INVOKING Heroism.
 10148 | Lair:3   | HP: 19/76 [skyshark (13)]
 10149 | Lair:3   | 10149 ||| READING scroll of teleportation.
 10151 | Lair:3   | 10151 ||| DRINKING potion of heal wounds.
 10190 | Lair:3   | Found a staircase to the Snake Pit.
 10204 | Lair:3   | 10204 ||| INVOKING Heroism.
 10209 | Lair:3   | Killed a skyshark
 10251 | Lair:3   | Reached skill level 14 in Ranged Weapons
 10417 | Lair:3   | Noticed an eight-headed hydra
 10418 | Lair:3   | 10418 ||| INVOKING Heroism.
 10424 | Lair:3   | Killed an eight-headed hydra
 10424 | Lair:3   | Received a gift from Okawaru
 10424 | Lair:3   | Found the +3 warlock's mirror {omnireflect}
 10471 | Lair:3   | Found a runed translucent door.
 10597 | Lair:3   | 10597 ||| INVOKING Heroism.
 11064 | Lair:3   | 11064 ||| DROPPING ring of resist corrosion.
 11065 | Lair:3   | 11065 ||| DROPPING ring of protection from cold.
 11147 | Lair:4   | Noticed a skyshark
 11156 | Lair:4   | 11156 ||| INVOKING Heroism.
 11162 | Lair:4   | Killed a skyshark
 11163 | Lair:4   | Reached skill level 6 in Dodging
 11503 | Lair:4   | 11503 ||| INVOKING Heroism.
 11561 | Lair:4   | Reached skill level 6 in Armour
 11561 | Lair:4   | Noticed a skyshark
 11573 | Lair:4   | 11573 ||| INVOKING Heroism.
 11578 | Lair:4   | Killed a skyshark
 11809 | Lair:4   | Identified the +2 ring mail of the Beds {Drain Fly Str+6}
 11810 | Lair:4   | 11810 ||| INVOKING Heroism.
 12146 | Lair:4   | 12146 ||| UPGRADING to +2 ring mail of the Beds {Drain Fly
                  | Str+6}.
 12173 | Lair:5   | Entered Level 5 of the Lair of Beasts
 12204 | Lair:5   | 12204 ||| INVOKING Heroism.
 12211 | Lair:5   | Reached XP level 13. HP: 84/84 MP: 18/20
 12231 | Lair:5   | Noticed a dire elephant
 12233 | Lair:5   | 12233 ||| INVOKING Heroism.
 12241 | Lair:5   | HP: 9/84 [dire elephant (15)]
 12242 | Lair:5   | Mangled by a dire elephant

Levels and vault maps discovered:
D:1:      onia_arrival_mini_spirals, layout_rooms,
          ebering_ecumenical_altar_sacrificial
D:2:      layout_basic, basic_altar, minmay_tall_x, uniq_terence
D:3:      layout_rooms, mainiacjoe_overflow_surrounded_room,
          nicolae_overflow_ecumenical_swirl, lemuel_crystal_altar,
          interstate_on_off, chequers_serial_rivers_large_a,
          guppyfry_early_lair_pool
D:4:      layout_loops_ring, minmay_temple_entry_nine_rooms
D:5:      layout_basic, palyth_temple_overflow_mages, zin_purify, serial_bayou,
          serial_bayou_pond_b, serial_bayou_pond_d, serial_bayou_crossing,
          serial_bayou_pond_c, portal_sewer_entry_a, hangedman_decor_slide_cut,
          reono_crystal_passage, minmay_misc_feat_secret_circle,
          amethyst_killhole
D:6:      layout_loops_ring, uniq_pikel
D:7:      layout_loops_ring, mainiacjoe_overflow_alcove_4, enter_bailey_7,
          serial_shops, nicolae_shop_bloodbath_and_beyond, uniq_duvessa,
          uniq_joseph, uniq_maggie
D:8:      layout_loops_ring, nemelex_diamond_rough_becter, serial_shops,
          nicolae_stop_n_shop_1
D:9:      layout_long_grid, nicolae_uskayaw_dance_studio,
          mainiacjoe_overflow_alcove_1, erik_lair_island, special_room
          [special_room_orc], uniq_erolcha
Lair:1:   layout_cave_pods, lemuel_fruit_fields
Lair:2:   layout_layer_cave, minmay_swamp_entry_worms, evilmike_ambush
          [evilmike_ambush_outer_basic, evilmike_ambush_inner_basic],
          grunt_megastairs_3
Lair:3:   gammafunk_lair_enchanted_lake, layout_gridlike,
          minmay_snake_entry_six_corridors, chequers_serial_rivers_micro_d,
          kennysheep_rathole
Lair:4:   layout_layer_cave
Lair:5:   evil_forest, layout_gridlike, nicolae_slime_entry_field_trip,
          st_stairs_4, kennysheep_snail_temple, uniq_urug

Skill      XL: |  1  2  3  4  5  6  7  8  9 10 11 12 13 |
---------------+----------------------------------------+-----
Ranged Weapons | 3 4 5 6 8 10 12 13 14 | 14.0
Fighting       | 2 4 6 8 9 10 11 | 11.0
Armour         | 1 2 3 4 6 |  6.1
Invocations    | 1 4 6 9 10 | 10.0
Dodging        | 4 5 6 |  6.3
Spellcasting   | |  1.0
Hexes          | |  2.6

Action                     |  1- 3 |  4- 6 |  7- 9 | 10-12 | 13-15 || total
---------------------------+-------+-------+-------+-------+-------++-------
   Fire: Sling             |   109 |   131 |   180 |       |       ||   420
         Shortbow          |       |       |    85 |   566 |    11 ||   662
 Invoke: Heroism           |       |       |    13 |    26 |     1 ||    40
    Use: Scroll            |     4 |     6 |     6 |     5 |       ||    21
         Potion            |       |       |     3 |     3 |       ||     6
 Armour: Robe              |    25 |    35 |       |       |       ||    60
         Ring mail         |       |    23 |   124 |     1 |     3 ||   151
         Steam dragon scal |       |       |     2 |    53 |       ||    55
         Troll leather arm |       |       |       |   156 |       ||   156
  Dodge: Dodged            |    39 |    69 |   133 |   499 |     5 ||   745

Table legend:
 A = Non-vault XP
 B = Vault XP
 C = Vault XP percentage of total XP
 D = Non-vault monster count
 E = Vault monster count
 F = Vault count percentage of total count
                 A         B        C        D         E       F
            +---------+---------+-------+---------+---------+-------
      Total |   21065 |   11165 |  34.6 |     223 |     110 |  33.0
            +---------+---------+-------+---------+---------+-------
        D:1 |      46 |       0 |   0.0 |      26 |       0 |   0.0
        D:2 |      74 |      42 |  36.2 |      25 |       5 |  16.7
        D:3 |     107 |       0 |   0.0 |      11 |       0 |   0.0
        D:4 |      26 |       0 |   0.0 |       8 |       0 |   0.0
        D:5 |     689 |     117 |  14.5 |      16 |       7 |  30.4
        D:6 |     526 |     617 |  54.0 |      16 |       1 |   5.9
        D:7 |     635 |    1104 |  63.5 |       4 |       8 |  66.7
        D:8 |     944 |       0 |   0.0 |      25 |       0 |   0.0
        D:9 |    2845 |    2087 |  42.3 |      26 |      41 |  61.2
     Lair:1 |    3163 |     201 |   6.0 |      19 |       1 |   5.0
     Lair:2 |    2716 |    1910 |  41.3 |      15 |       8 |  34.8
     Lair:3 |    5368 |    4296 |  44.5 |      21 |      27 |  56.2
     Lair:4 |    3926 |       0 |   0.0 |      11 |       0 |   0.0
     Lair:5 |       0 |     668 | 100.0 |       0 |       3 | 100.0
      Sewer |       0 |     123 | 100.0 |       0 |       9 | 100.0
            +---------+---------+-------+---------+---------+-------
